 Dungeon Crawl Stone Soup version 0.30-a0-1018-g25214051b3 (webtiles) character file.

Game seed: 17923386400935520625

130 ytrimaz the Shield-Bearer (level 5, 0/41 HPs)
             Began as a Formicid Fighter on Apr 8, 2023.
             Slain by a gnoll
             ... wielding a +0 spear
              (3 damage)
             ... on level 4 of the Dungeon.
             The game lasted 00:01:38 (1178 turns).

ytrimaz the Shield-Bearer (Formicid Fighter)        Turns: 1178, Time: 00:01:39

Health: 0/41       AC:  8    Str: 22    XL:     5   Next: 36%
Magic:  5/5        EV:  9    Int:  8    God:
Gold:   91         SH:  5    Dex: 13    Spells: 4/4 levels left

rFire   . . .      SeeInvis +    a - +0 war axe
rCold   . . .      Faith    .    c - +0 buckler
rNeg    . . .      Spirit   .    b - +0 scale mail
rPois   .          Reflect  .    (helmet unavailable)
rElec   .          Rampage  .    f - +0 cloak
rCorr   .                        (no gloves)
Will    .....                    (no boots) Stlth
                                 (no amulet)
HPRegen 0.26/turn                i - ring of flight
MPRegen 0.09/turn                (no ring)

@: brilliant, flying
A: permanent stasis, dig shafts and tunnels, antennae 3, four strong arms
a: Dig, Shaft Self


You were on level 4 of the Dungeon.
You visited 1 branch of the dungeon, and saw 3 of its levels.

You collected 91 gold pieces.


Innate Abilities, Weirdness & Mutations

You cannot be hasted, slowed, berserked, paralysed or teleported.
You can dig through walls and to a lower floor.
You have a pair of large antennae on your head. (SInv)
Your four strong arms can wield two-handed weapons with a shield.


   Skills:
 - Level 3.2 Fighting
 + Level 3.3 Axes
 - Level 3.2 Armour
 * Level 6.5 Shields


You had 4 spell levels left.
You didn't know any spells.
Your spell library contained the following spells:

 Spells                   Type           Power      Damage    Failure   Level
 Fireball                 Conj/Fire      0%         3d3       100%        5
 Iskenderun's Battlesphe  Conj           0%         2d6       100%        5
 Conjure Ball Lightning   Conj/Air       0%         3x3d6     100%        6
 Simulacrum               Ice/Necr       0%         N/A       100%        6
 Orb of Destruction       Conj           0%         9d5       100%        7
 Ozocubu's Refrigeration  Ice            0%         4d7       100%        7
 Polar Vortex             Ice            0%         N/A       100%        9

Inventory:

Hand Weapons
 a - a +0 war axe (weapon)
Armour
 b - a +0 scale mail (worn)
 c - a +0 buckler (worn)
 f - a +0 cloak (worn)
   (You found it on level 1 of the Dungeon)
Jewellery
 i - a ring of flight (left hand)
   (You found it on level 2 of the Dungeon)
Scrolls
 e - a scroll of fog
 g - a scroll of brand weapon
Potions
 d - a potion of might
 k - a potion of attraction {unknown}

Dungeon Overview and Level Annotations

Branches:
Dungeon (4/15) Zot: 16754
 Temple: D:4-7

Altars:

...##.....##......#
..###.....##.#...##
.####....###.#...###
## #.....#
#.#)..#.## { #
#.....# #.....#..##
#....## #.###.w...##
#....# #.#
#g#....####+###
###### #.
#F#.....#.....#
#@##..g.#..?..#
#)###.w.'.(.$.+ #.#
##..#..)..# ..#
##.#.....# ..#
#####+### #..+ ...#
#..#


You could see a bullfrog, a worm and a gnoll.


Message History

Unknown command.
You barely miss the white imp. The white imp misses you.
You closely miss the white imp. The white imp gestures at you.
The puff of frost misses you.
Unknown command.
The white imp puffs mist at you. The white imp hits you.
The white imp freezes you. 😮 HP[-3]
You take 3 damage, and now have 29/41 hp.
You are too injured to fight recklessly!
Unknown command.
You are too injured to fight recklessly!
You hit the white imp. The white imp hits you. The white imp freezes you.
The white imp barely misses you. 😮 HP[-4]
You take 4 damage, and now have 25/41 hp.
You barely miss the white imp. The white imp gestures at you.
The puff of frost misses you.
Unknown command.
You are too injured to fight recklessly!
You slash the white imp!
You kill the white imp!
Unknown command.
You are too injured to fight recklessly! 😮 HP[+1] Key pressed, stopping explore.
Unknown command. 😎 HP[+15]
Your hp is fully restored (41).
You reach down and open the door.
A worm comes into view.
A worm is nearby!
A worm is nearby!
A gnoll and a bullfrog come into view.
The gnoll shouts!
The bullfrog gives a loud, deep croak!
The gnoll hits you but does no damage. The bullfrog misses you.
There is an open door here.
You miss the bullfrog. The gnoll hits you but does no damage.
The bullfrog hits you but does no damage.
The gnoll hits you from afar with a +0 spear.
The bullfrog hits you! 😕 HP[-9]
You take 9 damage, and now have 32/41 hp.
MASSIVE DAMAGE!! (PAUSE)
You hit the bullfrog.
The bullfrog hits you but does no damage.
The gnoll hits you but does no damage. The bullfrog hits you. 😮 HP[-3]
You take 3 damage, and now have 29/41 hp.
You are too injured to fight recklessly!
Unknown command.
You are too injured to fight recklessly!
You barely miss the bullfrog.
The bullfrog hits you but does no damage.
The bullfrog hits you!
The gnoll hits you from afar with a +0 spear.
* * * LOW HITPOINT WARNING * * *
😨 HP[-9]
You take 9 damage, and now have 20/41 hp.
MASSIVE DAMAGE!! (PAUSE)
Okay, then.
Okay, then.
The bullfrog hits you.
* * * LOW HITPOINT WARNING * * *
😨 HP[-3]
You take 3 damage, and now have 17/41 hp.
Unknown command.
You block the bullfrog's attack. 😨 HP[+1]
The bullfrog attacks as you move away! The bullfrog hits you.
* * * LOW HITPOINT WARNING * * *
The bullfrog closely misses you.
There is an open door here. 😨 HP[-6]
You take 6 damage, and now have 12/41 hp.
The bullfrog attacks as you move away!
The bullfrog hits you but does no damage.
The bullfrog barely misses you. 😨 HP[+1]
You slash the bullfrog! The bullfrog hits you.
* * * LOW HITPOINT WARNING * * *
The bullfrog misses you. 😨 HP[-2]
You take 2 damage, and now have 11/41 hp.
You barely miss the bullfrog. The bullfrog hits you.
* * * LOW HITPOINT WARNING * * *
The bullfrog hits you.
* * * LOW HITPOINT WARNING * * *
😱 HP[-3]
You take 3 damage, and now have 8/41 hp.
Unknown command.
Unknown command.
It was a potion of brilliance.
You feel clever all of a sudden. The bullfrog hits you.
* * * LOW HITPOINT WARNING * * *
The gnoll hits you from afar with a +0 spear.
You die...

Skill      XL: |  1  2  3  4 |
---------------+-------------+-----
Shields        | 5 6 |  6.5
Axes           | 3 |  3.3
Fighting       | |  3.2
Armour         | |  3.2

Action                     |  1- 3 |  4- 6 || total
---------------------------+-------+-------++-------
  Melee: War axe           |    71 |    96 ||   167
    Use: Scroll            |     3 |     1 ||     4
         Potion            |       |     1 ||     1
 Armour: Scale mail        |    49 |    59 ||   108
  Dodge: Dodged            |    47 |    51 ||    98
  Block: Buckler           |    31 |    37 ||    68

Levels and vault maps discovered:
D:1:      dpeg_arrival_rooms_a, layout_basic,
          hellmonk_ecumenical_altar_watching_god,
          chequers_serial_rivers_micro_a, minmay_box_of_dots
D:2:      layout_rooms, uniq_jessica, uniq_robin
D:4:      layout_cave_pods, minmay_overflow_temple_star_quad,
          mainiacjoe_overflow_catch_the_wave, minmay_temple_entry_slanted,
          minmay_quadrilaterals

Notes
Turn   | Place    | Note
-------+----------+-------------------------------------------
     0 | D:1      | ytrimaz the Formicid Fighter began the quest for the Orb.
     0 | D:1      | Reached XP level 1. HP: 18/18 MP: 1/1
     0 | D:1      | magus.rc [v1.9.6]
    37 | D:1      | You pick up a book of the Spheres and begin reading...
    37 | D:1      | You add the spells Iskenderun's Battlesphere, Fireball,
                  | Conjure Ball Lightning and Orb of Destruction to your
                  | library.
    82 | D:1      | Reached XP level 2. HP: 24/24 MP: 2/2
   234 | D:1      | Reached XP level 3. HP: 28/29 MP: 3/3
   353 | D:1      | You pick up a book of Ice and begin reading...
   353 | D:1      | You add the spells Simulacrum, Ozocubu's Refrigeration and
                  | Polar Vortex to your library.
   377 | D:1      | Reached skill level 5 in Shields
   388 | D:1      | Noticed a golden eye
   391 | D:1      | Found a faded altar of an unknown god.
   394 | D:1      | Noticed an eye of devastation
   402 | D:1      | Noticed a shining eye
   413 | D:1      | Noticed a great orb of eyes
   649 | D:2      | Reached XP level 4. HP: 35/35 MP: 4/4
   766 | D:2      | Noticed Robin
   775 | D:2      | Killed Robin
   776 | D:2      | Reached skill level 3 in Axes
   787 | D:2      | Reached skill level 6 in Shields
   990 | D:2      | Noticed Jessica
   997 | D:2      | Killed Jessica
   998 | D:2      | Reached XP level 5. HP: 38/41 MP: 5/5
  1055 | D:2      | You are sucked into a shaft and drop 2 floors!
  1163 | D:4      | Noticed a bullfrog
  1177 | D:4      | HP: 8/41 [bullfrog (3)]
  1178 | D:4      | HP: 3/41 [bullfrog (5)]
  1178 | D:4      | Slain by a gnoll

Vanquished Creatures
  Jessica (D:2)
  Robin (D:2)
  2 adders (D:2)
  A white imp (D:4)
  2 worms (D:2)
  A dart slug (D:2)
  5 ball pythons (D:1)
  8 bats
  An endoplasm (D:2)
  2 giant cockroaches
  10 goblins
  9 hobgoblins
  2 jackals (D:1)
  2 quokkas (D:2)
  2 frilled lizards (D:1)
  8 kobolds
  3 rats
60 creatures vanquished.

Table legend:
 A = Non-vault XP
 B = Vault XP
 C = Vault XP percentage of total XP
 D = Non-vault monster count
 E = Vault monster count
 F = Vault count percentage of total count
                 A         B        C        D         E       F
            +---------+---------+-------+---------+---------+-------
      Total |     101 |      85 |  45.7 |      43 |      17 |  28.3
            +---------+---------+-------+---------+---------+-------
        D:1 |      32 |       6 |  15.8 |      20 |       4 |  16.7
        D:2 |      65 |      69 |  51.5 |      21 |      12 |  36.4
        D:4 |       4 |      10 |  71.4 |       2 |       1 |  33.3
            +---------+---------+-------+---------+---------+-------

Illustrated notes

Table legend:
 A = Kills in this place as a percentage of kills in the entire game.
 B = Kills by you in this place as a percentage of kills by you in the entire game.
 C = Kills by friends in this place as a percentage of kills by friends in the entire game.
 D = Other kills in this place as a percentage of other kills in the entire game.
 E = Experience gained in this place as a percentage of experience gained in the entire game.
 F = Experience gained in this place divided by the number of levels of this place that you have seen.
                   A       B       C       D       E      F
               +-------+-------+-------+-------+-------+----------------------
         Total | 100.0 | 100.0 |   N/A |   N/A | 100.0 |  62.0
       Dungeon | 100.0 | 100.0 |   N/A |   N/A | 100.0 |  62.0
               +-------+-------+-------+-------+-------+----------------------

Table legend: (Time is in decaauts)
 A = Elapsed time spent in this place.
 B = Non-inter-level travel time spent in this place.
 C = Inter-level travel time spent in this place.
 D = Time resting spent in this place.
 E = Time spent auto-exploring this place.
 F = Levels seen in this place.
 G = Mean time per level.
                   A        B        C        D        E       F      G
               +--------+--------+--------+--------+--------+-----+--------+
         Total |   1244 |   1215 |     29 |      0 |    786 |   3 |  414.7 |
       Dungeon |   1244 |   1215 |     29 |      0 |    786 |   3 |  414.7 |
               +--------+--------+--------+--------+--------+-----+--------+

Top non-repeatable levels by time:
     D:2: 567 daAuts
     D:1: 549 daAuts
     D:4: 127 daAuts
